Cogmind - Beta 14 @@@ ROGUE MODE // 2024.09.08 @ 05:35:14 Player: Null_error Result: Destroyed by Executioner with Helical Railgun Performance ------------- Evolutions (8) 4000 Regions Visited (21) 4200 Robots Destroyed (57) 285 Value Destroyed (2743) 2743 Prototype IDs (48) 960 Alien Tech Used (0) 0 Bonus (1656) 1656 TOTAL SCORE: 13844 Bonus ------- High Alert Combat Kills 21 Follower Combat Kills 35 Aligned with FarCom 300 Met Data Miner 300 Met Warlord at Base 500 MAIN.C Attacked Warlord 500 Cogmind --------- Core Integrity 0/1450 Matter 240/300 Energy 207/240 System Corruption 3% Temperature Cool (24) Movement Flying (25) Location -2/Research Parts ------- > --- POWER (3) -------- Light Antimatter Reactor Light Antimatter Reactor > --- PROPULSION (7) --- Xenon Bombardment Thruster Xenon Bombardment Thruster Xenon Bombardment Thruster Xenon Bombardment Thruster Xenon Bombardment Thruster Xenon Bombardment Thruster > --- UTILITY (11) ----- Advanced Cooling System Advanced Cooling System Advanced Weight Redist. System Long-range Sensor Array Improved Terrain Scanner ECM Suite Improved Phase Shifter Backup Plating III > --- WEAPON (2) ------- Heavy Machine Gun > --- INVENTORY (5) ---- Centrium Leg Energy Well (350) Enhanced Quantum Rifle Compact Linear Accelerator Advanced Remote Datajack Peak State ------------ > --- POWER ------------ Light Angular Momentum Engine Micro Antimatter Reactor > --- PROPULSION ------- Myomer Leg Improved Antigrav System Improved Antigrav System Combat Antigrav System Improved Cesium-ion Thruster Nuclear Pulse Thruster Nuclear Pulse Thruster > --- UTILITY ---------- Improved Cryofiber Web Improved Coolant Injector Lightpack 2.0 Gravity Neutralizer Makeshift Trap Scanner Enhanced Optical Array Experimental Sensor Array Advanced Recalibrator > --- WEAPON ----------- Vortex Shotgun Power Maul > --- INVENTORY -------- Angular Momentum Engine Neutrino Core Neutrino Core Improved Antigrav System Xenon Bombardment Thruster Improved Heat Sink Advanced Heat Sink Large Storage Unit Compact Battery Compact Battery Energy Well Compact Matter Pod Advanced Terrain Scanner Improved Melee Analysis Suite Weapon Mount Core Analyzer Armor Integrity Analyzer Recoil Nullifier Recoil Nullifier Energy Filter Improved Particle Charger Improved Weapon Cycler Improved Force Booster Reaction Control System Hardened Heavy Armor Plating Improved Force Field Gamma Rifle Backup Laser III Wave Gun Vortex Rifle Vortex Rifle HERF Cannon Improved Heavy Machine Gun Improved Concussive RPG Remote Datajack Advanced Remote Datajack Plasma Cutter Makeshift Hammer [Rating: 164] Favorites ----------- Power Light Angular Momentum Engine Engine Light Angular Momentum Engine Power Core Neutrino Core Reactor Micro Antimatter Reactor Propulsion Nuclear Pulse Thruster Leg Flexi-carbon Leg Wheel Centrium Wheel Hover Unit Aerolev Unit Flight Unit Nuclear Pulse Thruster Utility Lightpack 2.0 Device Experimental Sensor Array Storage Lightpack 2.0 Processor Improved Signal Interpreter Hackware Improved Hacking Suite Protection Hardened Heavy Armor Plating Weapon Power Maul Energy Gun Backup Laser III Energy Cannon Improved EM Pulse Cannon Ballistic Gun Light Assault Rifle Ballistic Cannon Advanced Assault Cannon Launcher Improved Grenade Launcher Impact Weapon Power Maul Piercing Weapon Spear Build | -11 -10 -10 -10 -9 -8 -7 -7 -7 -7 -6 -6 -5 -5 -5 -5 -4 -4 -4 -4 -3 -2 ------- Run | Yrd Mat Min Exi Min Mat Fac Low Low Dat Pro Fac Fac Upp Upp War Pro Fac Upp Upp Res Res Slots Evolved 16 | . . . . . 4 2 . . . . 2 2 . . . . 2 . . 2 2 Power 2 | . . . . . . 1 . . . . . . . . . . . . . . 1 Propulsion 5 | . . . . . 2 . . . . . . 1 . . . . 1 . . 1 . Utility 9 | . . . . . 2 1 . . . . 2 1 . . . . 1 . . 1 1 Weapon . | . . . . . . . . . . . . . . . . . . . . . . Parts Attached 224 | 8 1 . . 2 17 9 11 1 . 17 22 4 3 2 4 5 6 3 8 56 45 Power 37 | 1 . . . . 3 3 2 . . 3 2 . . . 1 2 2 . . 7 11 Engine 15 | 1 . . . . 3 3 1 . . 3 2 . . . 1 . 1 . . . . Core 6 | . . . . . . . 1 . . . . . . . . 2 1 . . . 2 Reactor 16 | . . . . . . . . . . . . . . . . . . . . 7 9 Propulsion 75 | 3 . . . . 6 2 1 . . 5 13 1 . 1 . 2 2 . 2 21 16 Treads . | . . . . . . . . . . . . . . . . . . . . . . Leg 6 | . . . . . . . . . . 1 . . . . . . . . . 3 2 Wheel 19 | 3 . . . . 2 . . . . 1 1 . . . . . . . . 7 5 Hover 15 | . . . . . 3 2 1 . . . 2 . . . . . . . . 7 . Flight 35 | . . . . . 1 . . . . 3 10 1 . 1 . 2 2 . 2 4 9 Utility 72 | 2 1 . . 2 2 3 6 1 . 7 6 2 2 1 . . 2 3 1 17 14 Device 52 | 1 1 . . 2 1 2 4 1 . 5 5 1 1 1 . . . 3 1 11 12 Storage 6 | 1 . . . . 1 . . . . . . . . . . . . . . 3 1 Processor 10 | . . . . . . 1 2 . . 2 1 . 1 . . . 1 . . 2 . Hackware 2 | . . . . . . . . . . . . 1 . . . . 1 . . . . Protection 2 | . . . . . . . . . . . . . . . . . . . . 1 1 Artifact . | . . . . . . . . . . . . . . . . . . . . . . Weapon 40 | 2 . . . . 6 1 2 . . 2 1 1 1 . 3 1 . . 5 11 4 Energy Gun 22 | 1 . . . . 1 . . . . 1 . 1 1 . 2 1 . . 3 9 2 Energy Cannon 6 | . . . . . 1 . 1 . . 1 . . . . . . . . 1 1 1 Ballistic Gun 3 | 1 . . . . . . . . . . . . . . . . . . . 1 1 Ballistic Cannon 1 | . . . . . . . 1 . . . . . . . . . . . . . . Launcher 3 | . . . . . 2 1 . . . . . . . . . . . . . . . Special Weapon . | . . . . . . . . . . . . . . . . . . . . . . Impact Weapon 3 | . . . . . . . . . . . 1 . . . 1 . . . 1 . . Slashing Weapon . | . . . . . . . . . . . . . . . . . . . . . . Piercing Weapon 2 | . . . . . 2 . . . . . . . . . . . . . . . . Special Melee Weapon . | . . . . . . . . . . . . . . . . . . . . . . Unidentified Prototypes 16 | . . . . 1 2 2 . . . 1 3 . . . 2 . . . . 3 2 Corrupted Parts 3 | . . . . . . . . . . 1 . . . . . . . . . 1 1 System Corruption 13 | . . . . . . . . . . 3 . . . . . . . . . 7 3 Parts Lost 72 | . . . . . 2 1 3 . . 10 . . . . . . . . 5 34 17 Power 13 | . . . . . . . 1 . . 3 . . . . . . . . . 5 4 Propulsion 25 | . . . . . 2 . 1 . . 5 . . . . . . . . 4 8 5 Utility 22 | . . . . . . . . . . 1 . . . . . . . . 1 15 5 Weapon 12 | . . . . . . 1 1 . . 1 . . . . . . . . . 6 3 Highest Loss Streak 26 | . . . . . 2 1 1 . . 5 . . . . . . . . 2 26 15 To Critical Strikes . | . . . . . . . . . . . . . . . . . . . . . . Average Slot Usage (%) 82 | . 100 100 100 100 61 83 83 84 84 66 72 82 88 88 86 87 88 89 85 87 62 Engine 7 | . 14 14 14 14 8 15 9 7 7 6 6 11 11 11 11 10 5 5 5 2 . Core 1 | . . . . . . . 4 7 7 1 . . . . . . 5 5 4 . . Wheel 4 | . 28 28 28 28 6 . . . . 3 1 . . . . . . . . 7 9 Hover 5 | . . . . . 9 29 29 30 30 8 3 . . . . . . . . 8 . Flight 16 | . . . . . 4 . . . . 15 20 27 29 29 29 28 31 31 29 9 8 Device 14 | . 14 14 14 14 8 7 4 7 7 6 13 14 14 17 17 17 15 18 21 24 19 Storage 6 | . 14 14 14 14 9 7 7 7 7 7 6 5 5 5 5 5 5 5 5 3 3 Processor 8 | . . . . . . 6 10 7 7 7 13 11 13 11 11 11 10 10 9 8 7 Energy Gun 4 | . 14 14 14 14 5 . . . . . . 2 5 5 3 5 5 5 4 5 3 Ballistic Gun 1 | . 14 14 14 14 3 . . . . . . . . . . . . . . . . Impact Weapon 2 | . . . . . . . . . . . 5 5 5 5 5 5 5 5 4 1 . Peak Build Rating 164 | 9 9 8 10 18 66 75 80 80 80 80 99 113 115 118 121 120 129 131 136 164 150 Average Rating 91 | 5 8 8 8 12 52 69 75 78 80 68 80 107 114 115 116 117 127 129 128 133 95 On Entrance 76 | . 9 8 8 10 18 66 75 75 80 80 67 99 113 115 118 117 115 129 129 116 137 Naked Turns 38 | . . . . . . . . . . . . . . . . . . . . . 38 Heaviest Build 66 | 14 14 14 14 14 22 24 29 29 29 29 28 35 34 34 38 35 35 47 43 53 66 Greatest Support 76 | 32 26 26 26 26 33 34 34 33 33 33 36 42 42 42 42 42 48 48 48 76 76 Greatest Overweight (x) 10 | . . . . . 6 . 1 . . 3 1 . . . . . . . . 10 6 Average Overweight (x) . | . . . . . . . . . . . . . . . . . . . . . . Largest Inventory Capacity 40 | 8 8 8 8 8 40 40 40 40 40 40 40 40 40 40 40 40 40 40 40 40 5 Average Capacity 32 | 7 8 8 8 8 39 40 40 40 40 40 40 40 40 40 40 40 40 40 40 23 5 Most Carried 40 | 5 8 8 8 8 30 38 39 38 38 40 40 40 40 40 40 40 39 39 40 40 5 Average Carried 30 | 3 6 8 7 7 21 31 38 38 38 36 38 39 38 39 39 39 36 38 37 21 4 Final Capacity 40 | 8 8 8 8 8 40 40 40 40 40 40 40 40 40 40 40 40 40 40 40 5 5 Final Carried 40 | 5 8 8 8 8 30 38 38 38 38 40 40 40 39 40 40 40 39 38 40 5 5 Class Distribution -------------------- 47% | Hauler-Scout 24% | Hauler-Mutant 10% | Mutant 5% | Skirmisher 5% | Scavenger-Mutant 4% | Hauler-Assassin Dominant Class ---------------- Mutant | -10/Materials Mutant | -10/Mines Mutant | -10/Exiles Skirmisher | -9/Mines Hauler-Mutant | -8/Materials Hauler-Mutant | -7/Factory Hauler-Mutant | -7/Lower Caves Hauler-Mutant | -7/Lower Caves Hauler-Mutant | -7/Data Miner Hauler-Mutant | -6/Proximity Caves Hauler-Scout | -6/Factory Hauler-Scout | -5/Factory Hauler-Scout | -5/Upper Caves Hauler-Scout | -5/Upper Caves Hauler-Scout | -5/Warlord Hauler-Scout | -4/Proximity Caves Hauler-Scout | -4/Factory Hauler-Scout | -4/Upper Caves Hauler-Scout | -4/Upper Caves Hauler-Assassin | -3/Research Mutant | -2/Research Resources | -11 -10 -10 -10 -9 -8 -7 -7 -7 -7 -6 -6 -5 -5 -5 -5 -4 -4 -4 -4 -3 -2 ----------- Run | Yrd Mat Min Exi Min Mat Fac Low Low Dat Pro Fac Fac Upp Upp War Pro Fac Upp Upp Res Res Matter Collected 3123 | 301 11 10 . 14 314 . 554 10 . 264 33 . 154 278 40 50 60 30 60 470 470 Remotely . | . . . . . . . . . . . . . . . . . . . . . . Salvage Created 2369 | 177 75 . . 45 380 . 394 . . 185 33 . . . . . 80 . 109 593 298 Parts 99 | 9 4 . . 4 13 . 7 . . 9 1 . . . . . . . 3 38 11 Haulers Intercepted 1 | . . . . . . . . . . . . . . . . . 1 . . . . Recyclers Shooed 1 | . . . . . . . . . . . . . . . . . . . . 1 . Parts Field Recycled . | . . . . . . . . . . . . . . . . . . . . . . Retrieved Matter . | . . . . . . . . . . . . . . . . . . . . . . Parts Self-Destructed 47 | . . . . . . . 3 9 . 7 . . . . . 22 . 5 1 . . Prevented 10 | . . . . . . . 2 5 . . . . . . . 1 . . 2 . . Kills | -11 -10 -10 -10 -9 -8 -7 -7 -7 -7 -6 -6 -5 -5 -5 -5 -4 -4 -4 -4 -3 -2 ------- Run | Yrd Mat Min Exi Min Mat Fac Low Low Dat Pro Fac Fac Upp Upp War Pro Fac Upp Upp Res Res Combat Hostiles Destroyed 48 | . 2 . . 1 10 . 11 . . 5 1 . . . . . . . 2 11 5 Melee 2 | . . . . . 2 . . . . . . . . . . . . . . . . Guns 23 | . 2 . . 1 3 . . . . 1 . . . . . . . . 2 10 4 Cannons 12 | . . . . . . . 8 . . 3 . . . . . . . . . . 1 AOE 10 | . . . . . 5 . 3 . . 1 . . . . . . . . . 1 . Classes Destroyed 12 | 3 1 . . . 3 . 1 . . . 1 . . . . . 1 . . . 2 Worker 4 | 2 . . . . 1 . . . . . . . . . . . . . . 1 . Tunneler 2 | 2 . . . . . . . . . . . . . . . . . . . . . Hauler 1 | . . . . . . . . . . . . . . . . . 1 . . . . Recycler 2 | 1 . . . . 1 . . . . . . . . . . . . . . . . Swarmer 8 | . . . . . . . 5 . . 2 . . . . . . . . . . 1 Grunt 20 | . 2 . . 1 6 . 2 . . 2 . . . . . . . . . 5 2 Brawler 3 | . . . . . 2 . 1 . . . . . . . . . . . . . . Duelist 3 | . . . . . 1 . 2 . . . . . . . . . . . . . . Sentry 3 | . . . . . 1 . 1 . . 1 . . . . . . . . . . . Hunter 1 | . . . . . . . . . . . . . . . . . . . . . 1 Programmer 8 | . . . . . . . . . . . 1 . . . . . . . 1 6 . Striker 1 | . . . . . . . . . . . . . . . . . . . . . 1 Savage 1 | . . . . . . . . . . . . . . . . . . . 1 . . Best Kill Streak 7 | 2 2 . . 1 7 . 5 . . 2 1 . . . . . 1 . 2 5 3 Combat Bots Only 5 | . 2 . . 1 5 . 5 . . 2 1 . . . . . . . 2 5 3 Max Kills in Single Turn 2 | 1 1 . . 1 2 . 1 . . 1 1 . . . . . 1 . 1 1 2 Gunslinging . | . . . . . . . . . . . . . . . . . . . . . . Exploded 2 | . . . . . 2 . 1 . . 1 . . . . . . . . . 1 . Melee 1 | . . . . . 1 . . . . . . . . . . . . . . . . Uniques/NPCs Destroyed . | . . . . . . . . . . . . . . . . . . . . . . Combat | -11 -10 -10 -10 -9 -8 -7 -7 -7 -7 -6 -6 -5 -5 -5 -5 -4 -4 -4 -4 -3 -2 -------- Run | Yrd Mat Min Exi Min Mat Fac Low Low Dat Pro Fac Fac Upp Upp War Pro Fac Upp Upp Res Res Hostile Shots Fired 755 | . 7 . . 5 50 . 97 . . 87 8 . 6 6 . 14 2 16 48 178 231 Missed 287 | . 2 . . 1 12 . 53 . . 27 3 . 3 1 . 8 2 7 21 45 102 Damage Taken 9304 | . 52 . . 67 719 . 432 . . 864 78 . . 33 . 96 . 75 482 2883 3523 Core 2698 | . 42 . . . 262 . 49 . . 214 30 . . . . 22 . 9 48 552 1470 Absorbed by Shields 115 | . . . . . . . . . . . . . . . . . . 46 . 69 . Regen/Repaired (Parts) 25 | . . . . . . . . . . . . . . . 25 . . . . . . Core Remaining (%) 80 | 100 . . . 83 52 . . . . 62 96 . . . . 97 . . 95 57 . Volleys Fired 192 | 21 11 . . 4 25 . 31 . . 18 . . . 1 . . . . 11 51 19 Largest 2 | 2 2 . . 2 2 . 2 . . 2 . . . 1 . . . . 1 2 2 Hottest 185 | 70 70 . . 70 119 . 117 . . 116 . . . 81 . . . . 81 169 185 Shots Fired 327 | 41 22 . . 8 47 . 51 . . 36 . . . 1 . . . . 11 78 32 Gun 215 | 41 22 . . 8 30 . . . . 6 . . . 1 . . . . 8 78 21 Cannon 91 | . . . . . 4 . 43 . . 30 . . . . . . . . 3 . 11 Launcher 21 | . . . . . 13 . 8 . . . . . . . . . . . . . . Special . | . . . . . . . . . . . . . . . . . . . . . . Kinetic 94 | 21 11 . . 4 12 . 12 . . 18 . . . . . . . . . 16 . Thermal 121 | 20 11 . . 4 18 . . . . 12 . . . 1 . . . . 2 34 19 Explosive 21 | . . . . . 13 . 8 . . . . . . . . . . . . . . Electromagnetic 52 | . . . . . 4 . 31 . . 6 . . . . . . . . 3 5 3 Entropic 39 | . . . . . . . . . . . . . . . . . . . 6 23 10 Robot Hit Streak 15 | 12 2 . . 8 15 . 6 . . 7 . . . . . . . . 2 11 5 Robot Miss Streak 6 | 3 3 . . 1 2 . 3 . . 5 . . . . . . . . 4 6 3 Penetration Max . | . . . . . . . . . . . . . . . . . . . . . . Secondary Targets 2 | . . . . . . . . . . . . . . . . . . . . 2 . Max Gunslinging Chain 1 | . . . . . . . . . . . . . . . . . . . . 1 . Shots Hit Robots 210 | 26 10 . . 7 38 . 29 . . 22 4 . . . . . 1 . 6 49 18 Core Hits 112 | 9 5 . . 3 27 . 16 . . 10 . . . . . . . . 4 26 12 Critical Kills . | . . . . . . . . . . . . . . . . . . . . . . Critical Parts Destroyed 3 | . . . . . . . . . . . 2 . . . . . . . . 1 . Critical Strikes 9 | . 1 . . . 1 . . . . 1 2 . . . . . . . . 1 3 Burn 5 | . 1 . . . 1 . . . . . . . . . . . . . . . 3 Blast 1 | . . . . . . . . . . 1 . . . . . . . . . . . Smash 2 | . . . . . . . . . . . 2 . . . . . . . . . . Detonate 1 | . . . . . . . . . . . . . . . . . . . . 1 . Melee Attacks 49 | . . . . . 10 . . . . . 7 . 4 11 . 11 1 . 4 1 . Impact 39 | . . . . . . . . . . . 7 . 4 11 . 11 1 . 4 1 . Slashing . | . . . . . . . . . . . . . . . . . . . . . . Piercing 10 | . . . . . 10 . . . . . . . . . . . . . . . . Sneak Attacks 2 | . . . . . 1 . . . . . . . . . . . 1 . . . . Combat Hostiles . | . . . . . . . . . . . . . . . . . . . . . . Follow-up Attacks . | . . . . . . . . . . . . . . . . . . . . . . Damage Inflicted 6934 | 278 103 . . 66 1306 . 1252 . . 517 221 . . . . . 93 . 175 2030 893 Guns 3352 | 278 103 . . 66 233 . . . . 52 . . . . . . . . 161 1876 583 Cannons 1386 | . . . . . 72 . 565 . . 434 . . . . . . . . 14 . 301 Explosions 1745 | . . . . . 891 . 687 . . 31 . . . . . . . . . 136 . Melee 418 | . . . . . 104 . . . . . 221 . . . . . 93 . . . . Ramming 33 | . . . . . 6 . . . . . . . . . . . . . . 18 9 Kinetic 1022 | 101 40 . . 28 61 . 116 . . 272 . . . . . . . . . 404 . Thermal 1845 | 177 63 . . 38 172 . 69 . . 193 . . . . . . . . 25 651 457 Explosive 1509 | . . . . . 891 . 618 . . . . . . . . . . . . . . Electromagnetic 671 | . . . . . 72 . 449 . . 52 . . . . . . . . 14 22 62 Impact 314 | . . . . . . . . . . . 221 . . . . . 93 . . . . Slashing . | . . . . . . . . . . . . . . . . . . . . . . Piercing 104 | . . . . . 104 . . . . . . . . . . . . . . . . Entropic 1436 | . . . . . . . . . . . . . . . . . . . 136 935 365 Highest Corruption 25 | . . . . . . . . . . 3 . . . . . . . . 7 25 3 Average Corruption 8 | . . . . . . . . . . 3 . . . . . . . . 3 14 3 Corruption Purged 5 | . . . . . . . . . . . . . . . . . . . . 5 . Corruption Blocked . | . . . . . . . . . . . . . . . . . . . . . . Effects 59 | . . . . . . . . . . 12 . . . . . . . . 1 38 8 Message Errors 12 | . . . . . . . . . . 4 . . . . . . . . 1 5 2 Matter Fused 16 | . . . . . . . . . . 3 . . . . . . . . . 13 . Heat Flow Errors 6 | . . . . . . . . . . . . . . . . . . . . 5 1 Energy Discharges 6 | . . . . . . . . . . . . . . . . . . . . 3 3 Parts Rejected 1 | . . . . . . . . . . . . . . . . . . . . . 1 Parts Fused 1 | . . . . . . . . . . 1 . . . . . . . . . . . Data Loss (minor) 8 | . . . . . . . . . . 2 . . . . . . . . . 5 1 Data Loss (major) 4 | . . . . . . . . . . 1 . . . . . . . . . 3 . Misfires 3 | . . . . . . . . . . . . . . . . . . . . 3 . Alerts 1 | . . . . . . . . . . 1 . . . . . . . . . . . Weapon Failures 1 | . . . . . . . . . . . . . . . . . . . . 1 . Overload Shots . | . . . . . . . . . . . . . . . . . . . . . . Overflow Damage 232 | . . . . . 16 . 42 . . . 115 . . . . . 23 . . . 36 Projectiles 75 | . . . . . . . 39 . . . . . . . . . . . . . 36 Explosions 17 | . . . . . 14 . 3 . . . . . . . . . . . . . . Melee 140 | . . . . . 2 . . . . . 115 . . . . . 23 . . . . Knockbacks 6 | . . . . . . . . . . 3 2 . . . . . . . . 1 . Impact 3 | . . . . . . . . . . . 2 . . . . . . . . 1 . Kinetic 3 | . . . . . . . . . . 3 . . . . . . . . . . . Secondary . | . . . . . . . . . . . . . . . . . . . . . . Self-Inflicted Damage 67 | . . . . . 15 . 40 . . . . . . . . . . . . 9 3 Shots 2 | . . . . . 1 . 1 . . . . . . . . . . . . . . Rammed 5 | . . . . . 1 . . . . . . . . . . . . . . 1 3 Targets Rammed 5 | . . . . . 1 . . . . . . . . . . . . . . 1 3 Kicked . | . . . . . . . . . . . . . . . . . . . . . . Crushed . | . . . . . . . . . . . . . . . . . . . . . . Highest Temperature 456 | 100 98 . . 87 163 . 456 . . 141 1 45 250 188 260 329 382 388 306 196 370 Average Temperature 110 | 41 34 . . 47 58 . 175 . . 61 1 18 97 95 98 130 165 162 119 49 160 Received Heat Transfer 1226 | . 30 . . 36 216 . 66 . . 132 9 . . . . . . . 9 228 500 Effects 14 | . . . . . . . 4 . . . . . 2 . 2 2 3 1 . . . Shutdowns 4 | . . . . . . . 4 . . . . . . . . . . . . . . Energy Bleed 3 | . . . . . . . . . . . . . . . 1 . 1 1 . . . Interference 4 | . . . . . . . . . . . . . 2 . 1 1 . . . . . Short Circuit 3 | . . . . . . . . . . . . . . . . 1 2 . . . . Siege Activations . | . . . . . . . . . . . . . . . . . . . . . . Robots Corrupted 2 | . . . . . . . . . . . 1 . . . . . 1 . . . . Combat Hostiles 1 | . . . . . . . . . . . 1 . . . . . . . . . . Parts Fried 3 | . . . . . 1 . 2 . . . . . . . . . . . . . . Impact Corruptions 5 | . . . . . . . . . . . 4 . . . . . 1 . . . . Robots Melted . | . . . . . . . . . . . . . . . . . . . . . . Combat Hostiles . | . . . . . . . . . . . . . . . . . . . . . . Parts Melted 3 | . . . . . 1 . . . . . . . . . . . . . . 2 . Heat Transferred 3406 | 518 259 . . 111 592 . 50 . . 346 . . . . . . . . 37 790 703 Parts Sabotaged . | . . . . . . . . . . . . . . . . . . . . . . Parts Stolen . | . . . . . . . . . . . . . . . . . . . . . . Parts Stripped . | . . . . . . . . . . . . . . . . . . . . . . Power Chain Reactions 2 | . . . . . . . 1 . . 1 . . . . . . . . . . . Alert | -11 -10 -10 -10 -9 -8 -7 -7 -7 -7 -6 -6 -5 -5 -5 -5 -4 -4 -4 -4 -3 -2 ------- Run | Yrd Mat Min Exi Min Mat Fac Low Low Dat Pro Fac Fac Upp Upp War Pro Fac Upp Upp Res Res Peak Influence 768 | 25 102 39 . 53 509 162 . . . . 90 44 . . . . 768 . . 119 393 Initial 768 | . 16 39 . . . 147 . . . . . 44 . . . . 768 . . 30 3 Average 129 | 11 59 39 . 29 220 151 . . . . 25 44 . . . . 603 . . 22 163 Maximum Alert Level 3 | . . . . . 2 . . . . . . . . . . . 3 . . . 1 Low Security (%) 79 | 100 100 100 . 100 36 100 . . . . 100 100 . . . . . . . 100 63 Level 1 9 | . . . . . 38 . . . . . . . . . . . 14 . . . 36 Level 2 6 | . . . . . 24 . . . . . . . . . . . 42 . . . . Level 3 4 | . . . . . . . . . . . . . . . . . 42 . . . . Level 4 . | . . . . . . . . . . . . . . . . . . . . . . Level 5 . | . . . . . . . . . . . . . . . . . . . . . . High Security . | . . . . . . . . . . . . . . . . . . . . . . Max Security . | . . . . . . . . . . . . . . . . . . . . . . Squads Dispatched 10 | . . . . . 3 1 . . . . 1 . . . . . 1 . . 2 2 Investigation 2 | . . . . . 1 . . . . . . . . . . . 1 . . . . Extermination 4 | . . . . . . 1 . . . . 1 . . . . . . . . 2 . Reinforcement 2 | . . . . . . . . . . . . . . . . . . . . . 2 Assault 1 | . . . . . 1 . . . . . . . . . . . . . . . . Garrison 1 | . . . . . 1 . . . . . . . . . . . . . . . . Intercept . | . . . . . . . . . . . . . . . . . . . . . . Searches Triggered 2 | . . . . . . . . . . . . . . . . . 2 . . . . Construction Impeded . | . . . . . . . . . . . . . . . . . . . . . . Haulers Reinforced . | . . . . . . . . . . . . . . . . . . . . . . Active Scanning Responses . | . . . . . . . . . . . . . . . . . . . . . . Cargo Convoy Interrupts . | . . . . . . . . . . . . . . . . . . . . . . Stealth | -11 -10 -10 -10 -9 -8 -7 -7 -7 -7 -6 -6 -5 -5 -5 -5 -4 -4 -4 -4 -3 -2 --------- Run | Yrd Mat Min Exi Min Mat Fac Low Low Dat Pro Fac Fac Upp Upp War Pro Fac Upp Upp Res Res Distress Signals 7 | . . . . . 2 . . . . . . . . . . . . . . . 5 Communications Jammed 7 | . . . . . . . . . . . . . . . . . . . . . 7 Distress Signals 7 | . . . . . . . . . . . . . . . . . . . . . 7 Times Spotted 159 | . 5 . . 2 16 1 12 . . 9 10 . 1 2 . 10 9 5 11 11 55 Peak Tracking Total 13 | . 3 . . 2 6 1 5 . . 3 5 . 1 2 . 5 8 5 5 5 13 Tactical Retreats 29 | . . . . . 2 . 1 . . 2 3 . 1 1 . 2 . 2 2 . 13 Traps | -11 -10 -10 -10 -9 -8 -7 -7 -7 -7 -6 -6 -5 -5 -5 -5 -4 -4 -4 -4 -3 -2 ------- Run | Yrd Mat Min Exi Min Mat Fac Low Low Dat Pro Fac Fac Upp Upp War Pro Fac Upp Upp Res Res Traps Triggered 1 | . . . . . . . . . . . . . . . . . 1 . . . . Indirectly . | . . . . . . . . . . . . . . . . . . . . . . Trap Hack Attempts . | . . . . . . . . . . . . . . . . . . . . . . Triggered . | . . . . . . . . . . . . . . . . . . . . . . Disarmed . | . . . . . . . . . . . . . . . . . . . . . . Reprogrammed . | . . . . . . . . . . . . . . . . . . . . . . Reused . | . . . . . . . . . . . . . . . . . . . . . . Traps Extracted . | . . . . . . . . . . . . . . . . . . . . . . Installed . | . . . . . . . . . . . . . . . . . . . . . . Triggered 13 | . . . . . . . . 3 . 2 . . . . 8 . . . . . . Machines | -11 -10 -10 -10 -9 -8 -7 -7 -7 -7 -6 -6 -5 -5 -5 -5 -4 -4 -4 -4 -3 -2 ---------- Run | Yrd Mat Min Exi Min Mat Fac Low Low Dat Pro Fac Fac Upp Upp War Pro Fac Upp Upp Res Res Machines Disabled 2 | . . . . . 1 . . . . . . . . . . . . . . 1 . Max in Single Turn 1 | . . . . . 1 . . . . . . . . . . . . . . 1 . Garrison Access 2 | . . . . . 1 . . . . . . . . . . . . . . . 1 Machines Repaired . | . . . . . . . . . . . . . . . . . . . . . . Machines Dismantled . | . . . . . . . . . . . . . . . . . . . . . . Machines Sabotaged . | . . . . . . . . . . . . . . . . . . . . . . Overloaded Fab Kills . | . . . . . . . . . . . . . . . . . . . . . . Hacking | -11 -10 -10 -10 -9 -8 -7 -7 -7 -7 -6 -6 -5 -5 -5 -5 -4 -4 -4 -4 -3 -2 --------- Run | Yrd Mat Min Exi Min Mat Fac Low Low Dat Pro Fac Fac Upp Upp War Pro Fac Upp Upp Res Res Machines Accessed 23 | . . 1 2 . . . 1 . 4 1 1 1 1 1 9 . 1 . . . . Terminals 5 | . . 1 . . . . . . . 1 1 1 . . . . 1 . . . . Fabricators . | . . . . . . . . . . . . . . . . . . . . . . Repair Stations . | . . . . . . . . . . . . . . . . . . . . . . Recycling Units . | . . . . . . . . . . . . . . . . . . . . . . Scanalyzers . | . . . . . . . . . . . . . . . . . . . . . . Garrison Access . | . . . . . . . . . . . . . . . . . . . . . . Total Hacks 62 | . . 1 3 . . . 7 . 30 1 2 1 1 1 14 . 1 . . . . Successful 60 | . . 1 3 . . . 7 . 30 1 2 . 1 1 14 . . . . . . Failed 2 | . . . . . . . . . . . . 1 . . . . 1 . . . . Catastrophic . | . . . . . . . . . . . . . . . . . . . . . . Database Lockouts . | . . . . . . . . . . . . . . . . . . . . . . Manual 1 | . . . 1 . . . . . . . . . . . . . . . . . . Terminals 6 | . . 1 . . . . . . . 1 2 1 . . . . 1 . . . . Fabricators . | . . . . . . . . . . . . . . . . . . . . . . Repair Stations . | . . . . . . . . . . . . . . . . . . . . . . Recycling Units . | . . . . . . . . . . . . . . . . . . . . . . Scanalyzers . | . . . . . . . . . . . . . . . . . . . . . . Garrison Access . | . . . . . . . . . . . . . . . . . . . . . . Terminal Hacks 60 | . . 1 3 . . . 7 . 30 1 2 . 1 1 14 . . . . . . Record 35 | . . 1 2 . . . 7 . 11 1 1 . . . 12 . . . . . . Part Schematic 12 | . . . . . . . . . 12 . . . . . . . . . . . . Robot Schematic 4 | . . . . . . . . . 4 . . . . . . . . . . . . Prototype ID Bank 3 | . . . . . . . . . 3 . . . . . . . . . . . . Open Door 4 | . . . . . . . . . . . . . 1 1 2 . . . . . . Emergency Access Points 1 | . . . . . . . . . . . 1 . . . . . . . . . . Derelict Proto ID Bank 1 | . . . 1 . . . . . . . . . . . . . . . . . . Fabricator Hacks . | . . . . . . . . . . . . . . . . . . . . . . Repair Station Hacks . | . . . . . . . . . . . . . . . . . . . . . . Recycling Unit Hacks . | . . . . . . . . . . . . . . . . . . . . . . Scanalyzer . | . . . . . . . . . . . . . . . . . . . . . . Garrison Access Hacks . | . . . . . . . . . . . . . . . . . . . . . . Unauthorized Hacks . | . . . . . . . . . . . . . . . . . . . . . . Terminals . | . . . . . . . . . . . . . . . . . . . . . . Fabricators . | . . . . . . . . . . . . . . . . . . . . . . Repair Stations . | . . . . . . . . . . . . . . . . . . . . . . Recycling Units . | . . . . . . . . . . . . . . . . . . . . . . Scanalyzers . | . . . . . . . . . . . . . . . . . . . . . . Garrison Access . | . . . . . . . . . . . . . . . . . . . . . . Data Cores Recovered . | . . . . . . . . . . . . . . . . . . . . . . Used . | . . . . . . . . . . . . . . . . . . . . . . Hacking Detections 2 | . . 1 . . . . . . . . . 1 . . . . . . . . . Full Trace Events . | . . . . . . . . . . . . . . . . . . . . . . Feedback Events . | . . . . . . . . . . . . . . . . . . . . . . Feedback Blocked . | . . . . . . . . . . . . . . . . . . . . . . Robot Schematics Acquired 4 | . . . . . . . . . 4 . . . . . . . . . . . . Robots Built . | . . . . . . . . . . . . . . . . . . . . . . Authchips . | . . . . . . . . . . . . . . . . . . . . . . Time . | . . . . . . . . . . . . . . . . . . . . . . Total Robot Build Rating . | . . . . . . . . . . . . . . . . . . . . . . Part Schematics Acquired 12 | . . . . . . . . . 12 . . . . . . . . . . . . Parts Built . | . . . . . . . . . . . . . . . . . . . . . . Authchips . | . . . . . . . . . . . . . . . . . . . . . . Time . | . . . . . . . . . . . . . . . . . . . . . . Total Part Build Rating . | . . . . . . . . . . . . . . . . . . . . . . Parts Repaired . | . . . . . . . . . . . . . . . . . . . . . . Time . | . . . . . . . . . . . . . . . . . . . . . . Parts Recycled . | . . . . . . . . . . . . . . . . . . . . . . Recycled Matter . | . . . . . . . . . . . . . . . . . . . . . . Retrieved Matter . | . . . . . . . . . . . . . . . . . . . . . . Retrieved Components . | . . . . . . . . . . . . . . . . . . . . . . Parts Scanalyzed . | . . . . . . . . . . . . . . . . . . . . . . Part Schematics Acquired . | . . . . . . . . . . . . . . . . . . . . . . Parts Damaged . | . . . . . . . . . . . . . . . . . . . . . . Bothacking | -11 -10 -10 -10 -9 -8 -7 -7 -7 -7 -6 -6 -5 -5 -5 -5 -4 -4 -4 -4 -3 -2 ------------ Run | Yrd Mat Min Exi Min Mat Fac Low Low Dat Pro Fac Fac Upp Upp War Pro Fac Upp Upp Res Res Used RIF Installer . | . . . . . . . . . . . . . . . . . . . . . . Robots Hacked . | . . . . . . . . . . . . . . . . . . . . . . Non-combat . | . . . . . . . . . . . . . . . . . . . . . . Combat . | . . . . . . . . . . . . . . . . . . . . . . Robot Hacks Applied . | . . . . . . . . . . . . . . . . . . . . . . Relay Couplers Released 3 | . . . . . 1 . . . . . . . . . . . . . . . 2 Machine Destruction 3 | . . . . . 1 . . . . . . . . . . . . . . . 2 Fabnet Peak Effective % . | . . . . . . . . . . . . . . . . . . . . . . Robots Rewired . | . . . . . . . . . . . . . . . . . . . . . . Allies Hacked . | . . . . . . . . . . . . . . . . . . . . . . Hacks Repelled . | . . . . . . . . . . . . . . . . . . . . . . Allies | -11 -10 -10 -10 -9 -8 -7 -7 -7 -7 -6 -6 -5 -5 -5 -5 -4 -4 -4 -4 -3 -2 -------- Run | Yrd Mat Min Exi Min Mat Fac Low Low Dat Pro Fac Fac Upp Upp War Pro Fac Upp Upp Res Res Total Allies 3 | . . 3 . . . . . . . . . . . . . . . . . . . Largest Group 3 | . . 3 2 1 1 . . . . . . . . . . . . . . . . Highest-Rated Group 40 | . . 40 24 16 16 . . . . . . . . . . . . . . . . Highest-Rated Ally 16 | . . 16 16 16 16 . . . . . . . . . . . . . . . . Total Orders . | . . . . . . . . . . . . . . . . . . . . . . Ally Attacks 11 | . . . . 5 6 . . . . . . . . . . . . . . . . Total Damage 104 | . . . . 42 62 . . . . . . . . . . . . . . . . Kills 1 | . . . . 1 . . . . . . . . . . . . . . . . . Allies Corrupted . | . . . . . . . . . . . . . . . . . . . . . . Allies Melted . | . . . . . . . . . . . . . . . . . . . . . . Intel | -11 -10 -10 -10 -9 -8 -7 -7 -7 -7 -6 -6 -5 -5 -5 -5 -4 -4 -4 -4 -3 -2 ------- Run | Yrd Mat Min Exi Min Mat Fac Low Low Dat Pro Fac Fac Upp Upp War Pro Fac Upp Upp Res Res Robot Analysis Total . | . . . . . . . . . . . . . . . . . . . . . . Derelict Logs Recovered 15 | . . . . 2 . . 2 2 . 1 . . 1 2 . 2 . 2 1 . . Drone Launches . | . . . . . . . . . . . . . . . . . . . . . . Drone Recoveries . | . . . . . . . . . . . . . . . . . . . . . . Exploration | -11 -10 -10 -10 -9 -8 -7 -7 -7 -7 -6 -6 -5 -5 -5 -5 -4 -4 -4 -4 -3 -2 ------------- Run | Yrd Mat Min Exi Min Mat Fac Low Low Dat Pro Fac Fac Upp Upp War Pro Fac Upp Upp Res Res Turns Passed 13875 | 191 321 92 275 695 416 331 856 498 47 1460 1036 91 604 1298 483 1378 587 853 397 1088 878 Spaces Moved 18856 | 123 294 101 285 665 394 589 1601 910 109 1173 1730 273 1476 1282 1309 2050 994 602 988 788 1120 Core 259 | 1 . . . . 16 . . . . . . . . . . . . . . 16 226 Treads . | . . . . . . . . . . . . . . . . . . . . . . Legs 239 | . . . . . . . . . . 73 . . . . . . . . . 138 28 Wheels 2824 | 122 294 101 285 665 90 . . . . 413 98 . . . . . . . . 369 387 Hover 4101 | . . . . . 190 589 1601 910 109 140 305 . . . . . . . . 257 . Flight 11433 | . . . . . 98 . . . . 547 1327 273 1476 1282 1309 2050 994 602 988 8 479 Fastest Speed 24 | 50 90 90 90 90 35 42 40 43 43 29 27 27 27 27 27 27 24 24 24 32 25 Average Speed 44 | 95 90 90 90 90 59 45 43 43 43 83 37 27 27 27 27 27 24 24 24 93 62 Slowest Speed 550 | 100 90 90 90 90 350 46 105 43 43 275 115 29 27 27 27 31 29 24 32 550 350 Overloaded Moves . | . . . . . . . . . . . . . . . . . . . . . . Propulsion Burnouts . | . . . . . . . . . . . . . . . . . . . . . . Robots Hopped 11 | . . . . . 1 . . . . . . . . . 6 . . . . . 4 Cave-ins Triggered . | . . . . . . . . . . . . . . . . . . . . . . Exploration Rate (%) 53 | 5 34 26 62 96 33 10 94 75 75 95 33 5 85 92 97 94 7 66 43 13 35 Regions Visited 21 Branch Regions 13 Pre-discovered Areas 3 | . . . . 1 . . 1 . 1 . . . . . . . . . . . . Known Exits Taken 16 | . . . . 1 . 1 1 1 1 1 1 1 1 1 1 1 1 1 1 1 . Unknown Exits Taken 5 | 1 1 1 1 . 1 . . . . . . . . . . . . . . . . Scrap Searched 26 | . . 1 . 3 . . 2 5 . 4 . . 2 4 . . . 3 2 . . Spaces Dug 39 | . . . . . 5 . . . . . 2 . 4 11 . 9 . . 4 4 . Terrain Destroyed 203 | . . . . . 68 . 68 . . 8 2 . 4 11 . 9 . . 9 16 8 Melee 36 | . . . . . 5 . . . . . 2 . 4 11 . 9 . . 4 1 . Projectile 24 | . . . . . . . 3 . . 5 . . . . . . . . 5 3 8 AOE 143 | . . . . . 63 . 65 . . 3 . . . . . . . . . 12 . Terrain Rammed . | . . . . . . . . . . . . . . . . . . . . . . Walls Destroyed . | . . . . . . . . . . . . . . . . . . . . . . Machines Disabled . | . . . . . . . . . . . . . . . . . . . . . . Actions | -11 -10 -10 -10 -9 -8 -7 -7 -7 -7 -6 -6 -5 -5 -5 -5 -4 -4 -4 -4 -3 -2 --------- Run | Yrd Mat Min Exi Min Mat Fac Low Low Dat Pro Fac Fac Upp Upp War Pro Fac Upp Upp Res Res Total 23861 | 155 330 101 304 754 509 646 1708 1015 108 1613 2104 288 1671 2211 1432 2838 1337 1308 1120 1056 1253 Wait 4327 | . 18 1 15 81 30 32 59 103 . 391 302 6 185 907 118 766 333 704 100 128 48 Move 18817 | 122 293 100 284 664 391 588 1600 909 108 1172 1729 272 1475 1281 1299 2049 993 601 987 787 1113 Hop 7 | . . . . . 1 . . . . . . . . . 3 . . . . . 3 Pick Up 150 | 4 5 . 1 1 27 15 6 2 . 10 27 5 3 4 3 2 4 . 7 17 7 Fast Attach 74 | 7 . . . . 8 1 . . . 3 3 1 . 1 1 1 . . . 18 30 Attach 54 | . . . . . 3 2 3 . . 8 5 2 . . . . 3 . 4 17 7 Detach 23 | . . . . . 4 . . . . 4 2 . . . 2 1 . . 3 3 4 Swap 97 | 1 1 . . 2 6 7 8 1 . 6 14 1 3 1 3 4 3 3 4 21 8 Drop 64 | . 2 . 3 2 3 1 . . . 1 15 1 1 5 3 4 . . . 12 11 Fire 192 | 21 11 . . 4 25 . 31 . . 18 . . . 1 . . . . 11 51 19 Melee 49 | . . . . . 10 . . . . . 7 . 4 11 . 11 1 . 4 1 . Ram 5 | . . . . . 1 . . . . . . . . . . . . . . 1 3 Kick . | . . . . . . . . . . . . . . . . . . . . . . Crush . | . . . . . . . . . . . . . . . . . . . . . . Escape Stasis . | . . . . . . . . . . . . . . . . . . . . . . Rewire 2 | . . . 1 . . . 1 . . . . . . . . . . . . . . Trap . | . . . . . . . . . . . . . . . . . . . . . . Miscellaneous . | . . . . . . . . . . . . . . . . . . . . . . Route ------- -11/Scrapyard -10/Materials -10/Mines (discovered 2 exits: [*Mat] / *Exi) -10/Exiles -9/Mines (discovered 2 exits: *Mat x2) -8/Materials -7/Factory -7/Lower Caves -7/Lower Caves -7/Data Miner -6/Proximity Caves -6/Factory (discovered 2 exits: *Fac x2) -5/Factory -5/Upper Caves -5/Upper Caves (discovered 2 exits: *Fac / *War) -5/Warlord -4/Proximity Caves -4/Factory (discovered 3 exits: *Upp x2 / Arm) -4/Upper Caves -4/Upper Caves -3/Research (discovered 3 exits: *Res x2 / Tes) -2/Research History --------- Turn | Location | Event 18 | -11/Scrapyard | Discovered new exit (range 16) 192 | -11/Scrapyard | Entered Materials 310 | -10/Materials | Build established: Mutant 508 | -10/Materials | Discovered new exit (range 6) 513 | -10/Materials | Entered Mines 565 | -10/Mines | Assisted by bots powering up and referring to "LRC-V3" 581 | -10/Mines | Discovered new exit (range 8) 599 | -10/Mines | Deemed a non-threat by the Exiles lab entrance 600 | -10/Mines | Discovered new exit (range 5) 605 | -10/Mines | Entered Exiles 605 | -10/Exiles | Accompanied by 2 allies 632 | -10/Exiles | Met 8R-AWN 649 | -10/Exiles | Met EX-HEX 683 | -10/Exiles | Met EX-BIN 696 | -10/Exiles | Aligned with FarCom system 697 | -10/Exiles | Given EX-Vault access code 719 | -10/Exiles | Opened EX-Vault 748 | -10/Exiles | Found Lightpack 2.0 765 | -10/Exiles | Warned to stay clear of 0b10 Research branches 794 | -10/Exiles | Met EX-DEC 863 | -10/Exiles | Discovered new exit (range 10) 880 | -10/Exiles | Left Exiles lab with Lightpack 2.0 880 | -10/Exiles | Entered Mines 880 | -9/Mines | Accompanied by 2 allies 976 | -9/Mines | Identified exit to Materials 1136 | -9/Mines | Found a hidden stash of uninstalled traps 1163 | -9/Mines | Build established: Skirmisher 1394 | -9/Mines | Found a damaged Exp. Sensor Array with a note attached 1396 | -9/Mines | Found Prototype Device 1396 | -9/Mines | Identified Exp. Sensor Array 1409 | -9/Mines | Learned 8 Materials zone layouts 1461 | -9/Mines | Learned location of Storage (-9) 1550 | -9/Mines | Discovered exit to Materials (range 15) 1575 | -9/Mines | Entered Materials 1575 | -8/Materials | Accompanied by 1 ally 1575 | -8/Materials | Evolved 4 slots: Propulsion x2, Utility x2 1720 | -8/Materials | Garrison activated, responded to threat 1986 | -8/Materials | Discovered new exit (range 14) 1991 | -8/Materials | Entered Factory 1991 | -7/Factory | Evolved 2 slots: Power x1, Utility x1 2084 | -7/Factory | Build established: Hauler-Mutant 2260 | -7/Factory | Discovered new exit (range 15) 2275 | -7/Factory | Identified exit to Lower Caves 2322 | -7/Factory | Entered Lower Caves 2429 | -7/Lower Caves | Attracted the attention of an 0b10 checkpoint 2733 | -7/Lower Caves | Learned 4 Factory zone layouts 2770 | -7/Lower Caves | Learned 8 Research zone layouts 2770 | -7/Lower Caves | Learned Armory emergency access door positions 2770 | -7/Lower Caves | Learned Factory security intel 2880 | -7/Lower Caves | Learned Factory trap positions 2909 | -7/Lower Caves | Discovered new exit (range 6) 2954 | -7/Lower Caves | Identified exit to Lower Caves 3178 | -7/Lower Caves | Entered another Lower Caves area 3189 | -7/Lower Caves | Learned Factory terminal intel 3651 | -7/Lower Caves | Learned 4 Factory zone layouts 3666 | -7/Lower Caves | Discovered new exit (range 8) 3669 | -7/Lower Caves | Identified exit to Data Miner 3676 | -7/Lower Caves | Entered Data Miner 3676 | -7/Data Miner | Discovered new exit (range 6) 3680 | -7/Data Miner | Identified exit to Proximity Caves 3688 | -7/Data Miner | Met Data Miner 3704 | -7/Data Miner | Learned location of Section 7 (-2) 3704 | -7/Data Miner | Acquired the access code to Warlord's prototype stash 3713 | -7/Data Miner | Received God Mode back door access code from Data Miner 3723 | -7/Data Miner | Entered Proximity Caves 4163 | -6/Proximity Caves | Lost 5 parts (2p3n) 4204 | -6/Proximity Caves | Attracted the attention of an 0b10 checkpoint 4321 | -6/Proximity Caves | Spotted B-75 Beast 4737 | -6/Proximity Caves | Learned Factory garrison access intel 5029 | -6/Proximity Caves | Discovered new exit (range 7) 5040 | -6/Proximity Caves | Identified exit to Factory 5183 | -6/Proximity Caves | Entered Factory 5183 | -6/Factory | Evolved 2 slots: Utility x2 5184 | -6/Factory | Identified exit to Factory 5185 | -6/Factory | Loaded intel: 108 trap records 5187 | -6/Factory | Loaded intel: 26 terminal locations 5188 | -6/Factory | Loaded intel: 4 garrison access locations 5616 | -6/Factory | Build established: Hauler-Scout 6150 | -6/Factory | Discovered exit to Factory (range 15) 6219 | -6/Factory | Entered another Factory area 6219 | -5/Factory | Evolved 2 slots: Propulsion x1, Utility x1 6290 | -5/Factory | Discovered new exit (range 13) 6294 | -5/Factory | Identified exit to Upper Caves 6310 | -5/Factory | Entered Upper Caves 6463 | -5/Upper Caves | Spotted B-75 Beast 6886 | -5/Upper Caves | Discovered new exit (range 14) 6892 | -5/Upper Caves | Identified exit to Upper Caves 6914 | -5/Upper Caves | Entered another Upper Caves area 6922 | -5/Upper Caves | Discovered new exit (range 5) 6923 | -5/Upper Caves | Identified exit to Factory 8029 | -5/Upper Caves | Learned Factory terminal intel 8069 | -5/Upper Caves | Learned location of 1 exit from Factory 8200 | -5/Upper Caves | Discovered new exit (range 10) 8202 | -5/Upper Caves | Identified exit to Warlord 8212 | -5/Upper Caves | Entered Warlord 8225 | -5/Warlord | Discovered new exit (range 14) 8382 | -5/Warlord | Visited the Vortex Lab 8386 | -5/Warlord | Found Prototype Energy Gun 8386 | -5/Warlord | Identified Vortex Shotgun 8389 | -5/Warlord | Found Prototype Energy Gun 8389 | -5/Warlord | Identified Vortex Rifle 8393 | -5/Warlord | Found Vortex Shotgun 8395 | -5/Warlord | Found Vortex Rifle 8403 | -5/Warlord | Warlord's base attacked by MAIN.C 8512 | -5/Warlord | Met Warlord 8618 | -5/Warlord | Warlord forces counterattacked 8638 | -5/Warlord | Opened side exit 8692 | -5/Warlord | Identified exit to Proximity Caves 8695 | -5/Warlord | Entered Proximity Caves 8877 | -4/Proximity Caves | Spotter reported a threat 9260 | -4/Proximity Caves | Spotter reported a threat 9323 | -4/Proximity Caves | Spotter reported a threat 9460 | -4/Proximity Caves | Spotter reported a threat 9513 | -4/Proximity Caves | Spotter reported a threat 10019 | -4/Proximity Caves | Discovered exit to Factory (range 9) 10032 | -4/Proximity Caves | Learned Research emergency access door positions 10073 | -4/Proximity Caves | Entered Factory 10073 | -4/Factory | Evolved 2 slots: Propulsion x1, Utility x1 10074 | -4/Factory | Identified exit to Armory 10075 | -4/Factory | Identified exit to Upper Caves 10076 | -4/Factory | Loaded intel: 26 terminal locations 10140 | -4/Factory | Discovered exit to Upper Caves (range 18) 10323 | -4/Factory | Search patrols dispatched 10573 | -4/Factory | Search patrols dispatched 10660 | -4/Factory | Entered Upper Caves 10661 | -4/Upper Caves | Encountered a Warlord checkpoint 10670 | -4/Upper Caves | Learned Research garrison access intel 11408 | -4/Upper Caves | Spotted B-86 Titan 11414 | -4/Upper Caves | Learned Research emergency access door positions 11500 | -4/Upper Caves | Discovered new exit (range 7) 11501 | -4/Upper Caves | Identified exit to Upper Caves 11513 | -4/Upper Caves | Entered another Upper Caves area 11520 | -4/Upper Caves | Discovered new exit (range 5) 11521 | -4/Upper Caves | Identified exit to Research 11547 | -4/Upper Caves | Encountered a Warlord checkpoint 11597 | -4/Upper Caves | Spotted B-86 Titan 11603 | -4/Upper Caves | Learned 4 Research zone layouts 11838 | -4/Upper Caves | P-70 Sage assimilated allied 55-5L2(b) 11910 | -4/Upper Caves | Entered Research 11910 | -3/Research | Evolved 2 slots: Propulsion x1, Utility x1 11911 | -3/Research | Identified exit to Testing 11912 | -3/Research | Identified exit to Research 11914 | -3/Research | Loaded intel: 4 garrison access locations 12212 | -3/Research | Build established: Hauler-Assassin 12346 | -3/Research | System corruption reached 10% 12526 | -3/Research | Lost 26 parts (2p5n14u5w) 12677 | -3/Research | Lost 6 parts (2p2n1u1w) 12962 | -3/Research | Build established: Scavenger-Mutant 12963 | -3/Research | Discovered exit to Research (range 9) 12998 | -3/Research | Entered another Research area 12998 | -2/Research | Warlord forces began assault on 0b10 12998 | -2/Research | Evolved 2 slots: Power x1, Utility x1 13108 | -2/Research | Research machine network offline 13359 | -2/Research | Spotted Striker 13391 | -2/Research | Borebot progress halted 13414 | -2/Research | Destroyed Striker 13427 | -2/Research | Spotted Striker 13430 | -2/Research | Spotted Striker 13497 | -2/Research | Spotted B-90 Cyclops 13511 | -2/Research | Released all parts (12) 13515 | -2/Research | Core integrity fell below 50% 13530 | -2/Research | Spotted B-90 Cyclops 13544 | -2/Research | Lost 15 parts (4p3n5u3w) 13569 | -2/Research | Core integrity fell below 20% 13575 | -2/Research | Spotted B-90 Cyclops 13613 | -2/Research | Borebot progress halted 13656 | -2/Research | Lost 3 allies 13707 | -2/Research | Build established: Mutant 13740 | -2/Research | Lost 4 allies 13845 | -2/Research | Spotted Striker 13873 | -2/Research | Spotted Executioner 13876 | -2/Research | Destroyed by Executioner with Helical Railgun Last Messages --------------- 13795_ Acquired Adv. Cooling System. 13796_ Dropped Adv. Weapon Cycler. 13810_ Acquired Adv. Weight Redist. System. 13814_ Acquired ECM Suite. 13836_ ALERT: Garrison Access compromised, dispatching assault squad. 13848_ ANNOUNCEMENT: Unaware assault squad dispatched in northwest quadrant. 13848_ ANNOUNCEMENT: Unaware assault squad dispatched in northeast quadrant. 13848_ ANNOUNCEMENT: Unaware assault squad dispatched in northwest quadrant. 13853_ Acquired Unknown Protection. 13853_ Identified Backup Plating III. 13858_ Acquired Lrn. Sensor Array. 13867_ Acquired Prototype Device. 13867_ Identified Adv. Remote Shield. 13870_ Dropped Adv. Remote Shield. 13873_ Slug penetrates Earth. 13876_ Penetrated by Slug. [Achievement: 10k Club] Map ----- +----------------------------------------------------+ | #??????????????????????# #????####### | | #??????????????????????# #??????????# | | #??????????????????????# #??????????# | | #??????????????????????# #??????????# | | #??????????###?????????# % #??????????# | | ####?????????##"########?###### ######??????# | | ?????????????# ### ## ] #??????# | | ?????????????# ! # ! #??????# | | ?????????????#= = # # !%* [#?? ??+ | | ############## """## =!%= #? # | | " " " # = # # | | " " " !%="""" % " | | " " " ! """""""""" | | ## ####### # = " " | | # ########+####### ## !! ### | | # # # # # #??? | | + # " #??? | | # # K ###########??? | | ## # """ !! ##+##### ##????????????? | | ## # """" !! # #??# #?????????????? | | ## # """" !! # #??# #?????????????? | | ## ! # "" # ####+########+##???? | | ######## # ## #???? | | # ## #???? | | E + ## +???? | | ######## """ "" @; ## #???? | | ????#??# """" """" ######! " F" #???? | | ######## """" """" ###### """" #???? | | """""""" " " ; """"""""""""""" " | | " ; """""""""" " | | ;"""""""""" " " | | =%[ % % % + # # | | ]=] ########## #####"##### # # | | #####+####????????# #?# * ## #?? # | | " ########## #?# ##! +???? | | # + #?# ## #???? | | # = # ! #?# ] ## #???? | | # # ? % #?# ## #???? | | [+ #! #?# #?! #???? | | # !# """" #?###+##+#?#########???? | | [[ # # """" #???# #?????????????? | | =*%" ! + """" #???# #?????????????? | | %[%%"[ # """" """#???# #?????????????? | | !% ########## Y"#???# #?????????????? | | #="######???# """#???# #?????????????? | | *%! #???# #???# #?????????????? | | ##### ##### #?????????????? | | + #?????????????? | | ###########+###########+#####????????????? | | #????????? ?????# #????????????? | +----------------------------------------------------+ Best States ------------- Heat Dissipation 163 Coolant Potential 80 Energy Generation 55 Energy Capacity 760 Matter Stores 300 Matter Capacity 300 Sight Range 22 Robot Scan Range 20 Terrain Scan Range 20 Terrain Scan Density 210 ECM Strength 1 Jamming Range 16 Additional Mass Support 12 Base Temperature (-) 200 Armor Coverage 600 Weapon Cycling 25 Phase Shifting 15 Evasion (%) 76 Targeting Accuracy 8 Launcher Accuracy 20 Core Analysis 6 Armor Integrity Analysis 30 Recoil Reduction 6 Offensive Hacking 12 Item Schematics ----------------- Combat Drone Bay | -7/Data Miner | Free Lgt. Regenerative Plating | -7/Data Miner | Free Biomechanical Wings | -7/Data Miner | Free Thermal Defense Suite | -7/Data Miner | Free Force Rifle | -7/Data Miner | Free Nuclear Pulse Array | -7/Data Miner | Free Imp. Focal Shield | -7/Data Miner | Free Imp. Plasma Cutter | -7/Data Miner | Free Adv. Melee Analysis Suite | -7/Data Miner | Free Lrn. Proton Cannon | -7/Data Miner | Free Antimatter Reactor | -7/Data Miner | Free Point Defense Array | -7/Data Miner | Free Robot Schematics ------------------ A-15 Conveyor | -7/Data Miner | Free R-10 Processor | -7/Data Miner | Free E-15 Imp | -7/Data Miner | Free B-48 Gladiator | -7/Data Miner | Free Fabricated ------------ Nothing Alien Tech Used ----------------- None Achievements -------------- 10k Club Adventurer Charge!!! Dangerous Findings Dodgeball, But With Guns Explorer I'm Back, Baby! Knowing Is Half The Battle Respectable Loadout Rockin' Loadout Challenges ------------ None Game ------ Seed HeatImprovedCapacitor Manual? 0 Play Time 03:44:56 Cumulative 27.0 hours Start 2024.09.08 @ 01:30:52 End 2024.09.08 @ 05:35:14 Sessions 3 Manual Loads 0 Difficulty Rogue Special Mode None Game No. 30 Rogue 30 Adventurer 0 Explorer 0 Win Type - Total 0 Types 0/0/0/0/0/0/0/0/0 Lore% 15 Gallery% 32 Achievement% 21 Wizard Run 0 Options --------- Layout 0 ASCII 0 Keyboard 1 Movement Numpad Keybinds 0 Fullscreen 2 Font 18/SmallcapsGlow Map View 76x50 Zoom Use 1% Tactical HUD 1 Map Filters NONE Filters LOW_CONTRAST(5,20,15) Steam 1 RUN: 559e4140-43ea-4449-8db2-80be2043ea24